 Dungeon Crawl Stone Soup version 0.31-a0-1074-g0b22e4e0f1 (webtiles) character file.

Game seed: 7694474112754920832

3923 croobank the Spear-Bearer (level 10, -3/63 HPs)
             Began as a Demonspawn Conjurer on Dec 2, 2023.
             Was a Believer of Hepliaklqana.
             Slain by a troll (8 damage)
             ... on level 8 of the Dungeon.
             The game lasted 00:26:40 (9277 turns).

croobank the Spear-Bearer (Demonspawn Conjurer)     Turns: 9277, Time: 00:26:41

Health: -3/63      AC:  4    Str:  9    XL:     10   Next: 1%
Magic:  5/16       EV: 18    Int: 28    God:    Hepliaklqana [**....]
Gold:   447        SH:  4    Dex: 12    Spells: 7/17 levels left

rFire   . . .        x - +5 quarterstaff (chaos)
rCold   . . .        (shield currently unavailable)
rNeg    . . .        a - +0 robe
rPois   .            (helmet restricted)
rElec   .            T - scarf {repulsion}
rCorr   .            I - +0 pair of gloves
SInv    .            c - +0 pair of boots
Will    .....        C - amulet of regeneration
Stlth   +++          d - +6 ring of intelligence
HPRegen 1.10/turn    e - +5 ring of evasion
MPRegen 0.15/turn

%: repel missiles
@: no status effects
A: reduced essence, antennae 1, large bone plates 1, foul stench 2, spiny 1
a: Renounce Religion, Recall Ancestor, Ancestor Identity


You were on level 8 of the Dungeon.
You worshipped Hepliaklqana.
Hepliaklqana was pleased with you.
You visited 1 branch of the dungeon, and saw 8 of its levels.

You collected 447 gold pieces.

Inventory:

Hand Weapons
 h - a +0 short sword
 j - a +0 dagger
 m - a +0 trident
 x - a +5 quarterstaff of chaos (weapon)
Missiles
 o - 2 throwing nets
 y - 27 poisoned darts (quivered)
 B - 4 curare-tipped darts
 P - 4 javelins
Armour
 a - a +0 robe (worn)
 c - a +0 pair of boots (worn)
 i - a +0 cloak of poison resistance
 I - a +0 pair of gloves (worn)
 T - a scarf of repulsion (worn)
Jewellery
 d - a +6 ring of intelligence (left hand)
 e - a +5 ring of evasion (right hand)
 p - a ring of flight
 t - a +5 ring of evasion
 C - an amulet of regeneration (around neck)
 L - a ring of see invisible
 M - an amulet of magic regeneration
Wands
 v - a wand of paralysis (6)
 A - a wand of polymorph (8)
 N - a wand of iceblast (4)
Scrolls
 s - a scroll of torment
 D - 2 scrolls of fear
 E - a scroll of poison
 G - 2 scrolls of immolation
 K - a scroll of fog {unknown}
 O - a scroll of vulnerability {unknown}
 Q - a scroll of noise {unknown}
 R - a scroll of amnesia
 S - 3 scrolls of brand weapon {unknown}
Potions
 b - a potion of magic
 f - 2 potions of invisibility
 g - 4 potions of cancellation
 k - a potion of resistance {unknown}
 l - a potion of mutation {unknown}
 n - 4 potions of curing {unknown}
 q - 2 potions of brilliance {unknown}
 r - 2 potions of degeneration {unknown}
 u - 2 potions of attraction {unknown}
 w - 2 potions of might {unknown}
 z - a potion of ambrosia {unknown}
 F - a potion of heal wounds {unknown}
 H - 2 potions of haste {unknown}
 J - a potion of lignification {unknown}


   Skills:
 - Level 3.9 Fighting
 + Level 9.0 Polearms
 - Level 4.2 Dodging
 - Level 4.5 Stealth
 - Level 4.3 Spellcasting
 - Level 5.9 Conjurations
 - Level 2.1 Hexes
 - Level 4.5 Invocations


You had 7 spell levels left.
You knew the following spells:

 Your Spells              Type           Power      Damage    Failure   Level
a - Magic Dart            Conj           100%       1d8       1%          1
b - Searing Ray           Conj           78%        2d7       1%          2
c - Dazzling Flash        Conj/Hex       56%        N/A       4%          3
d - Iskenderun's Mystic   Conj/Tloc      22%        2d6       22%         4

Your spell library contained the following spells:

 Spells                   Type           Power      Damage    Failure   Level
 Fulminant Prism          Conj/Hex       14%        3d8       14%         4


Dungeon Overview and Level Annotations

Branches:
Dungeon (8/15)             Temple (0/1) D:5
   Lair: D:8-11

Altars:
Ashenzari
Cheibriados
Hepliaklqana
Kikubaaqudgha
Sif Muna
Uskayaw
Xom

Shops:
D:5 (

Portals:
Abyss: D:4

Annotations:
D:3 2 transporters, Curundu's ghost, amateur DrBe
D:4 2 transporters, DocClef's ghost, weakling GnFi


Innate Abilities, Weirdness & Mutations

Your life essence is reduced to manifest your ancestor. (-10% HP)
You have a pair of small antennae on your head.
You are partially covered in large bone plates. (SH +4)
You sometimes emit foul miasma when damaged in melee.
You are partially covered in sharp spines.


Message History

Aim: a troll (ally target, 100% to hit)
The magic dart hits the troll but does no damage.
Casting: Magic Dart (safe; 1% risk of failure)
Confirm with . or Enter, or press ? or * to list all spells.
Aiming: Magic Dart (safe; 1% risk of failure)
Press: ? - help, Shift-Dir - straight line, f/p - troll
Aim: a troll (ally target, 100% to hit)
The magic dart hits the troll.
The troll is lightly wounded.
Casting: Magic Dart (safe; 1% risk of failure)
Confirm with . or Enter, or press ? or * to list all spells.
Aiming: Searing Ray (safe; 1% risk of failure)
Press: ? - help, Shift-Dir - straight line, f/p - troll
Aim: a troll (lightly wounded, ally target, 81% to hit)
The searing ray hits the troll.
The troll is lightly wounded. (Press . to maintain the ray.) Nhalahla barely misses the troll.
The searing ray misses the troll.
The searing ray hits the troll.
The troll is lightly wounded.
The troll bites you!
You emit a cloud of foul miasma!
The troll claws you!
* * * LOW HITPOINT WARNING * * *
The troll closely misses you.
Nhalahla barely misses the troll.
The searing ray hits the troll!
The troll is heavily wounded.
You finish channelling your searing ray.
The troll is engulfed in dark miasma.
The troll is poisoned.
The troll seems to slow down.
The troll completely misses you. The troll claws you.
* * * LOW HITPOINT WARNING * * *
The troll closely misses you.
Nhalahla barely misses the troll.
Okay, then.
You hit the troll.
The troll seems to speed up.
The troll is heavily wounded.
The troll is no longer moving slowly.
The troll is engulfed in dark miasma.
The troll looks even sicker.
The troll misses you. The troll claws you!
* * * LOW HITPOINT WARNING * * *
The troll claws you!
You die...

... #......... ...
#...............≈≈≈≈ .#.
...............≈≈≈≈≈≈
.#..................≈≈≈≈≈
...................≈≈≈≈...
.##.................~......#
..
#........................#
.....RT............#
......)@..#.........
#)#.......#.........
##..........?....
.....(........## ..
......##.....### ..## ......
##).....###.... ......
#)...........# ....!.
##.............
.....##.............#


You could see the friendly Nhalahla the battlemage and a troll (fast, very
poisoned, ally target).

Vanquished Creatures
  A centaur warrior (D:8)
  A steam dragon (D:8)
  A water moccasin (D:8)
  An orc warrior (D:7)
  2 sky beasts (D:7)
  A black bear (D:7)
  2 ice beasts
  A centaur (D:6)
  2 phantoms
  2 kobold brigands
  Blork the orc (D:5)
  3 bullfrogs
  A scorpion (D:4)
  7 killer bees
  A howler monkey (D:5)
  2 jellies
  2 orc priests
  Crazy Yiuf (D:3)
  3 gnoll boudas
  5 hounds
  Ijyb (D:3)
  4 iguanas
  2 orc wizards
  17 gnolls
  7 adders
  A shadow imp (D:5)
  2 white imps (D:7)
  6 ufetubi
  3 worms
  7 orcs
  2 bats
  5 endoplasms
  A giant cockroach (D:2)
  7 goblins
  7 hobgoblins
  A jackal (D:2)
  21 kobolds
  6 quokkas
  11 ball pythons
  3 frilled lizards
  6 rats
160 creatures vanquished.

Vanquished Creatures (collateral kills)
  Edmund (D:6)
  An orc warrior (D:6)
  A kobold brigand (D:8)
  A lemure (D:8)
  A bullfrog (D:6)
  A gnoll sergeant (D:6)
  3 killer bees (D:8)
  4 gnolls
  An ufetubus (D:6)
  An orc (D:8)
  3 kobolds (D:6)
18 creatures vanquished.

Vanquished Creatures (others)
  2 ancestors (D:6)
2 creatures vanquished.

Grand Total: 180 creatures vanquished

Notes
Turn   | Place    | Note
-------+----------+-------------------------------------------
     0 | D:1      | croobank the Demonspawn Conjurer began the quest for the
                  | Orb.
     0 | D:1      | Reached XP level 1. HP: 13/13 MP: 3/3
   284 | D:1      | Gained mutation: You are partially covered in sharp spines.
                  | [demonic ancestry]
   284 | D:1      | Reached XP level 2. HP: 17/19 MP: 1/5
   330 | D:1      | Learned a level 2 spell: Searing Ray
   862 | D:2      | Gained mutation: You may rarely emit foul miasma when
                  | damaged in melee. [demonic ancestry]
   862 | D:2      | Reached XP level 3. HP: 25/25 MP: 0/6
   923 | D:2      | Reached skill level 1 in Fighting
   984 | D:2      | Found a faded altar of an unknown god.
  1217 | D:2      | Reached XP level 4. HP: 32/32 MP: 3/7
  2444 | D:3      | Noticed an ogre
  2447 | D:3      | Noticed Curundu's ghost (amateur DrBe)
  2564 | D:3      | Gained mutation: You sometimes emit foul miasma when
                  | damaged in melee. [demonic ancestry]
  2564 | D:3      | Reached XP level 5. HP: 24/37 MP: 4/9
  2631 | D:3      | Found a transporter.
  2636 | D:3      | Identified the +9 dire flail of the Apocalypse {drain,
                  | Contam rF+++ SInv}
  2636 | D:3      | Noticed an ogre
  2639 | D:3      | Noticed an ogre
  2763 | D:3      | Found a transporter.
  2832 | D:3      | Noticed Ijyb
  2839 | D:3      | Killed Ijyb
  2999 | D:3      | Learned a level 3 spell: Dazzling Flash
  3585 | D:3      | Found a runed translucent door.
  3586 | D:3      | Noticed Crazy Yiuf
  3594 | D:3      | Killed Crazy Yiuf
  3794 | D:4      | Gained mutation: You have a pair of small antennae on your
                  | head. [demonic ancestry]
  3794 | D:4      | Reached XP level 6. HP: 31/44 MP: 6/10
  3851 | D:4      | Reached skill level 5 in Conjurations
  4902 | D:4      | Reached XP level 7. HP: 51/51 MP: 8/12
  5207 | D:4      | Found a transporter.
  5211 | D:4      | Found a transporter.
  5221 | D:4      | Found a one-way gate to the infinite horrors of the Abyss.
  5221 | D:4      | Noticed DocClef's ghost (weakling GnFi)
  5291 | D:4      | Found a shimmering blue altar of Sif Muna.
  5291 | D:4      | Found a hazy altar of Hepliaklqana.
  5315 | D:4      | Found a shimmering altar of Xom.
  5317 | D:4      | Found an ancient bone altar of Kikubaaqudgha.
  5337 | D:4      | Became a worshipper of Hepliaklqana the Forgotten
  5519 | D:5      | Entered Level 5 of the Dungeon
  5523 | D:5      | Found a staircase to the Ecumenical Temple.
  5673 | D:5      | Reached skill level 1 in Invocations
  5870 | D:5      | Noticed Blork the orc
  5876 | D:5      | Killed Blork the orc
  6037 | D:5      | Learned a level 4 spell: Iskenderun's Mystic Blast
  6100 | D:5      | Found a snail-covered altar of Cheibriados.
  6199 | D:5      | Reached skill level 1 in Hexes
  6355 | D:5      | Found Ruh Iha's Weapon Shop.
  6571 | D:5      | Found a hide-covered altar of Uskayaw.
  6638 | D:5      | You fall into a shaft and drop 2 floors!
  6699 | D:6      | Reached XP level 8. HP: 48/58 MP: 7/14
  6775 | D:6      | Reached * piety under Hepliaklqana
  7204 | D:6      | Noticed Edmund
  7426 | D:6      | Killed Edmund
  7594 | D:6      | Reached skill level 1 in Polearms
  7598 | D:6      | Reached skill level 2 in Polearms
  7989 | D:6      | Reached skill level 3 in Polearms
  8111 | D:6      | Reached skill level 4 in Polearms
  8297 | D:7      | Gained mutation: You are partially covered in large bone
                  | plates. (SH +4) [demonic ancestry]
  8297 | D:7      | Reached XP level 9. HP: 39/58 MP: 11/15
  8543 | D:7      | Reached skill level 5 in Polearms
  8644 | D:7      | Reached skill level 6 in Polearms
  8794 | D:7      | Reached ** piety under Hepliaklqana
  8795 | D:7      | Remembered your ancestor Nhalahla as a battlemage
  8851 | D:7      | Found a broken altar of Ashenzari.
  9030 | D:8      | Reached skill level 7 in Polearms
  9031 | D:8      | Noticed a centaur warrior
  9235 | D:8      | Reached skill level 8 in Polearms
  9268 | D:8      | Noticed a troll
  9270 | D:8      | Killed a centaur warrior
  9271 | D:8      | Reached skill level 9 in Polearms
  9271 | D:8      | Reached XP level 10. HP: 30/63 MP: 11/16
  9277 | D:8      | Slain by a troll

Illustrated notes

Levels and vault maps discovered:
D:1:      onia_arrival_pyramid, layout_rooms
D:2:      minmay_chambers_of_ones, layout_loops_ring,
          shapermc_ecumenical_altar_venn, minivault_26, minmay_split_cup_large
D:3:      layout_loops_cross, gammafunk_ghost_smash, uniq_ijyb,
          uniq_crazy_yiuf_cottage
D:4:      layout_cave_pools, minmay_overflow_temple_star_hex,
          gammafunk_ghost_abyssal_escape
D:5:      cheibrodos_thug_alley, layout_basic, nicolae_uskayaw_dance_hall,
          kennysheep_mini, minmay_temple_entry_water_ring, serial_shops,
          nicolae_shop_stone, uniq_blork_the_orc
D:6:      layout_basic, serial_bayou_crossing, uniq_edmund
D:7:      layout_basic, mainiacjoe_overflow_brackets,
          minmay_fractal_squares_diagonal_5
D:8:      argonaut_augean_stables, layout_cave_pools, nzn_wu_jian_council_hall,
          uniq_pikel, uniq_prince_ribbit1

Skill      XL: |  1  2  3  4  5  6  7  8  9 |
---------------+----------------------------+-----
Stealth        | 2 3 4 |  4.5
Dodging        | 2 3 4 |  4.2
Fighting       | 1 2 3 |  3.9
Spellcasting   | 3 4 |  4.3
Conjurations   | 5 |  5.9
Invocations    | 3 4 |  4.5
Hexes          | 1 2 |  2.1
Polearms       | 4 9 |  9.0

Action                     |  1- 3 |  4- 6 |  7- 9 | 10-12 || total
---------------------------+-------+-------+-------+-------++-------
  Melee: Unarmed           |     3 |       |       |       ||     3
         Punch             |     1 |       |       |       ||     1
         Short sword       |     1 |       |    10 |       ||    11
         Quarterstaff      |       |       |    48 |     1 ||    49
   Cast: Magic Dart        |    32 |    66 |    68 |     2 ||   168
         Searing Ray       |    10 |    42 |    55 |     1 ||   108
 Invoke: Ancestor Life: Ba |       |       |     1 |       ||     1
    Use: Scroll            |       |     6 |     2 |       ||     8
   Stab: Sleeping          |       |       |     1 |       ||     1
 Armour: Robe              |     1 |     4 |    65 |     5 ||    75
  Dodge: Dodged            |     7 |     7 |   130 |     4 ||   148
  Block: Other             |       |       |    11 |       ||    11

Table legend: (Time is in decaauts)
 A = Elapsed time spent in this place.
 B = Non-inter-level travel time spent in this place.
 C = Inter-level travel time spent in this place.
 D = Time resting spent in this place.
 E = Time spent auto-exploring this place.
 F = Levels seen in this place.
 G = Mean time per level.
                   A        B        C        D        E       F      G
               +--------+--------+--------+--------+--------+-----+--------+
         Total |   9294 |   9048 |    246 |   3000 |   4524 |   8 | 1161.8 |
       Dungeon |   9294 |   9048 |    246 |   3000 |   4524 |   8 | 1161.8 |
               +--------+--------+--------+--------+--------+-----+--------+

Top non-repeatable levels by time:
     D:3: 1665 daAuts
     D:2: 1515 daAuts
     D:4: 1510 daAuts
     D:6: 1339 daAuts
     D:5: 1316 daAuts
     D:7: 1023 daAuts
     D:1: 831 daAuts
     D:8: 91 daAuts
